 Dungeon Crawl Stone Soup version 0.27-a0-984-g00e00afbbc (webtiles) character file.

Game seed: 14198180064505830622

137 Froggeryz the Shield-Bearer (level 5, -1/41 HPs)
             Began as a Formicid Fighter on Apr 15, 2021.
             Slain by Robin
             ... wielding a +0 short sword of venom
              (3 damage)
             ... on level 3 of the Dungeon.
             The game lasted 00:01:40 (2208 turns).

Froggeryz the Shield-Bearer (Formicid Fighter)      Turns: 2208, Time: 00:01:41

Health: -1/41      AC:  9    Str: 22    XL:     5   Next: 44%
Magic:  5/5        EV:  8    Int:  7    God:
Gold:   74         SH: 10    Dex: 10    Spells: 4/4 levels left

rFire    . . .     SeeInvis +   a - +0 war axe
rCold    . . .     Faith    .   c - +0 kite shield
rNeg     . . .     Spirit   .   b - +0 scale mail
rPois    .         Reflect  .   (helmet unavailable)
rElec    .         Harm     .   (no cloak)
rCorr    .         Rampage  .   h - +0 pair of gloves
Will     .....                  f - +0 pair of boots
Stlth    ..........             (no amulet)
HPRegen  0.13/turn              (no ring)
MPRegen  0.09/turn              (no ring)

@: lethally poisoned (-1 -> -22)
A: permanent stasis, dig shafts and tunnels, antennae 3, four strong arms
a: Dig, Shaft Self


You were on level 3 of the Dungeon.
You visited 1 branch of the dungeon, and saw 3 of its levels.

You collected 74 gold pieces.

Inventory:

Hand Weapons
 a - a +0 war axe (weapon)
Armour
 b - a +0 scale mail (worn)
 c - a +0 kite shield (worn)
 f - a +0 pair of boots (worn)
 h - a +0 pair of gloves (worn)
Scrolls
 e - a scroll of brand weapon {unknown}
 g - a scroll of torment {unknown}
Potions
 d - a potion of might
 i - a potion of heal wounds {unknown}
 j - a potion of mutation {unknown}


   Skills:
 - Level 3.2 Fighting
 * Level 4.4 Axes
 - Level 3.2 Armour
 + Level 4.9 Shields


You had 4 spell levels left.
You didn't know any spells.
Your spell library contained the following spells:

 Spells                   Type           Power      Damage    Failure   Level
 Animate Skeleton         Necr           0%         N/A       96%         1
 Pain                     Necr           0%         1d4       96%         1
 Vampiric Draining        Necr           0%         2d6       100%        3
 Animate Dead             Necr           0%         N/A       100%        4
 Agony                    Necr           0%         N/A       100%        5


Dungeon Overview and Level Annotations

Branches:
Dungeon (3/15)

Altars:

Annotations:
D:3 Robin


Innate Abilities, Weirdness & Mutations

You cannot be hasted, slowed, berserked, paralysed or teleported.
You can dig through walls and to a lower floor.
You have a pair of large antennae on your head. (SInv)
Your four strong arms can wield two-handed weapons with a shield.


Message History

The gnoll is almost dead.
You block the gnoll's attack.
You slash the gnoll!
You kill the gnoll!
You block the bat's attack. Robin throws the goblin at you!
The goblin closely misses you. Robin throws the goblin at you!
Unknown command.
You hit the goblin.
You kill the goblin!
You hit the goblin. You slash the bat!
You kill the bat!
The goblin hits you but does no damage. x2
Unknown command.
You slash the hobgoblin!
You kill the hobgoblin!
You closely miss the goblin. The goblin hits you with a +0 club.
Unknown command.
You closely miss Robin. You barely miss the goblin.
Robin hits you with a +0 short sword of venom.
You are poisoned.
The goblin hits you but does no damage. Robin closely misses you.
Unknown command.
You closely miss the goblin.
The goblin is almost dead.
You hit Robin.
* * * LOW HITPOINT WARNING * * *
You feel very sick. The goblin hits you but does no damage.
Robin hits you but does no damage.
You are lethally poisoned!
You block the goblin's attack.
You hit Robin.
Robin is heavily wounded.
You hit the goblin.
You kill the goblin!
* * * LOW HITPOINT WARNING * * *
You feel extremely sick. Robin hits you but does no damage.
You are more poisoned.
Robin hits you with a +0 short sword of venom.
You die...

#.# #.# ##.#### #.....
#############..######
#))..................
#)###########..######..
#.# #########))###.....
#.# #.........)@g......
#.# #.########.###.....
##.###.# #.# ...
#...##.##### #.# .
#..........# #.#
#...##.###.# #.#
######.#...####.##
#.#.#.......##
#.#...####...#


You could see Robin.

Vanquished Creatures
  4 gnolls (D:3)
  2 adders (D:2)
  2 dart slugs
  5 ball pythons
  4 bats
  7 endoplasms
  4 giant cockroaches
  11 goblins
  9 hobgoblins
  4 jackals (D:1)
  3 quokkas
  4 frilled lizards
  5 kobolds
  5 rats
69 creatures vanquished.

Notes
Turn   | Place    | Note
-------+----------+-------------------------------------------
     0 | D:1      | Froggeryz the Formicid Fighter began the quest for the Orb.
     0 | D:1      | Reached XP level 1. HP: 18/18 MP: 1/1
   212 | D:1      | Reached XP level 2. HP: 24/24 MP: 2/2
   429 | D:1      | Reached XP level 3. HP: 23/29 MP: 3/3
  1090 | D:2      | Reached XP level 4. HP: 22/35 MP: 4/4
  2193 | D:3      | Reached XP level 5. HP: 41/41 MP: 5/5
  2200 | D:3      | Noticed Robin
  2208 | D:3      | HP: 2/41 [poisoned by Robin]
  2208 | D:3      | Slain by Robin

Illustrated notes

Levels and vault maps discovered:
D:1:      minmay_arrival_up_and_down, layout_rooms
D:2:      minmay_recursive_quarters, layout_basic
D:3:      layout_loops_ring, uniq_robin, uniq_sigmund

Skill      XL: |  1  2  3  4 |
---------------+-------------+-----
Shields        | 4 |  4.9
Axes           | 3 4 |  4.4
Fighting       | |  3.2
Armour         | |  3.2

Action                   |  1- 3 |  4- 6 || total
-------------------------+-------+-------++-------
Melee: War axe           |   101 |    70 ||   171
  Use: Scroll            |     3 |       ||     3
Armor: Scale mail        |    55 |    33 ||    88
Dodge: Dodged            |    40 |    28 ||    68
Block: Kite shield       |    67 |    63 ||   130

Table legend: (Time is in decaauts)
 A = Elapsed time spent in this place.
 B = Non-inter-level travel time spent in this place.
 C = Inter-level travel time spent in this place.
 D = Time resting spent in this place.
 E = Time spent auto-exploring this place.
 F = Levels seen in this place.
 G = Mean time per level.
                   A        B        C        D        E       F      G
               +--------+--------+--------+--------+--------+-----+--------+
         Total |   2291 |   2266 |     25 |    199 |   1636 |   3 |  763.7 |
       Dungeon |   2291 |   2266 |     25 |    199 |   1636 |   3 |  763.7 |
               +--------+--------+--------+--------+--------+-----+--------+

Top non-repeatable levels by time:
     D:2: 1096 daAuts
     D:1: 923 daAuts
     D:3: 271 daAuts
